 Dungeon Crawl Stone Soup version 0.29-a0-555-g3b24f45cc1 (webtiles) character file.

Game seed: 4897815896343552955

2180 zeratav the Spear-Bearer (level 9, -2/71 (78) HPs)
             Began as a Merfolk Fighter on June 8, 2022.
             Slain by a wight
             ... wielding a +0 spear
              (6 damage)
             ... on level 6 of the Dungeon.
             The game lasted 00:11:21 (6576 turns).

zeratav the Spear-Bearer (Merfolk Fighter)          Turns: 6576, Time: 00:11:22

HP:   -2/71 (78)    AC:  6    Str: 26    XL:     9   Next: 33%
MP:   18/18         EV: 10    Int: 18    God:
Gold: 362           SH:  0    Dex: 13    Spells: 8/8 levels left

rFire   . . .      SeeInvis .   C - +11 quarterstaff of Honesty {freeze, rCorr MP+9 Int+4, staff}
rCold   . . .      Faith    .   (shield currently unavailable)
rNeg    . . .      Spirit   .   b - +0 scale mail
rPois   .          Reflect  .   (no helmet)
rElec   .          Harm     .   (no cloak)
rCorr   +          Rampage  .   (no gloves)
Will    .....                   (no boots)
Stlth   ..........              (no amulet)
HPRegen 0.21/turn               J - +6 ring of intelligence
MPRegen 0.16/turn               E - +6 ring of strength

@: drained
A: (nimble swimmer 2), mertail
a: no special abilities


You were on level 6 of the Dungeon.
You visited 2 branches of the dungeon, and saw 7 of its levels.

You collected 362 gold pieces.


Innate Abilities, Weirdness & Mutations

((You are very nimble when in or above water. (Stealth+, EV+, Speed+++)))
Your lower body shifts to a powerful aquatic tail in water.


   Skills:
 - Level 10.0 Fighting
 - Level 10.5(10.9) Polearms
 + Level 2.6(5.0) Staves
 - Level 2.1 Armour
 - Level 3.0 Shields


You had 8 spell levels left.
You didn't know any spells.
Your spell library contained the following spells:

 Spells                   Type           Power      Damage    Failure   Level
 Scorch                   Fire           0%         2d5       58%         2
 Sublimation of Blood     Necr           0%         N/A       58%         2
 Wereblood                Tmut           0%         N/A       58%         2
 Gell's Gravitas          Tloc           0%         N/A       83%         3
 Ozocubu's Armour         Ice            0%         N/A       83%         3
 Portal Projectile        Hex/Tloc       0%         N/A       83%         3
 Stone Arrow              Conj/Erth      0%         3d7       83%         3
 Teleport Other           Tloc           0%         N/A       83%         3
 Tukima's Dance           Hex            0%         N/A       83%         3
 Animate Armour           Summ/Erth      0%         N/A       99%         4
 Flame Wave               Conj/Fire      0%         2d4       99%         4
 Blade Hands              Tmut           0%         N/A       100%        5
 Metabolic Englaciation   Hex/Ice        0%         N/A       100%        5
 Dispersal                Tloc           0%         N/A       100%        6
 Simulacrum               Ice/Necr       0%         N/A       100%        6
 Summon Cactus Giant      Summ           0%         N/A       100%        6
 Summon Hydra             Summ           0%         N/A       100%        7
 Lehudib's Crystal Spear  Conj/Erth      0%         10d2      100%        8

Inventory:

Hand Weapons
 a - a +0 trident {polearm}
 i - a +0 halberd {polearm}
   (You found it on level 2 of the Dungeon)
 C - the +11 quarterstaff of Honesty (weapon) {freeze, rCorr MP+9 Int+4, staff}
   (You found it on level 4 of the Dungeon)

   It freezes those it strikes, dealing additional cold damage.
   It can also slow down cold-blooded creatures.
   Int:       It affects your intelligence (+4).
   MP:        It affects your magic capacity (+9).
   rCorr:     It protects you from acid and corrosion.
 R - a +2 war axe of flaming {axe}
   (You took it off Maggie on level 6 of the Dungeon)
Armour
 b - a +0 scale mail (worn)
 c - a +0 buckler
 p - a +0 chain mail
   (You took it off an orc on level 5 of the Dungeon)
 r - a +2 chain mail of fire resistance
   (You found it on level 5 of the Dungeon)
 z - a +0 chain mail
   (You took it off an orc on level 6 of the Dungeon)
 G - a +0 robe
   (You took it off an orc wizard on level 6 of the Dungeon)
 M - a +0 leather armour
   (You found it on level 6 of the Dungeon)
 N - a +0 leather armour
   (You took it off Duvessa on level 6 of the Dungeon)
 O - a +0 robe
   (You took it off Dowan on level 6 of the Dungeon)
 Q - +0 steam dragon scales
   (You took it off Maggie on level 6 of the Dungeon)
 S - a +0 chain mail
   (You took it off an orc on level 6 of the Dungeon)
Jewellery
 t - a ring of positive energy
   (You found it on level 3 of the Dungeon)
 y - a ring of resist corrosion
   (You found it on level 3 of the Dungeon)
 E - a +6 ring of strength (right hand)
   (You found it on level 5 of the Dungeon)
 J - a +6 ring of intelligence (left hand)
   (You found it on level 5 of the Dungeon)
Wands
 K - a wand of mindburst (17)
   (You found it on level 6 of the Dungeon)
 P - a wand of paralysis (8)
   (You found it on level 6 of the Dungeon)
Scrolls
 g - 2 scrolls of blinking {unknown}
 h - 2 scrolls of enchant weapon {unknown}
 l - a scroll of poison {unknown}
 m - a scroll of amnesia {unknown}
 n - 3 scrolls of enchant armour {unknown}
 s - a scroll of magic mapping {unknown}
 v - 4 scrolls of identify {unknown}
 w - 2 scrolls of vulnerability {unknown}
 A - 3 scrolls of teleportation {unknown}
 B - 2 scrolls of silence {unknown}
 I - a scroll of immolation {unknown}
 T - a scroll of noise {unknown}
Potions
 d - 2 potions of might
 e - a potion of mutation {unknown}
 f - a potion of cancellation {unknown}
 j - 4 potions of curing {unknown}
 k - a potion of invisibility {unknown}
 o - a potion of attraction {unknown}
 q - 2 potions of degeneration {unknown}
 u - a potion of berserk rage {unknown}
 x - 3 potions of brilliance {unknown}
 D - a potion of magic {unknown}
 F - a potion of haste {unknown}
 H - 2 potions of lignification {unknown}
 L - 2 potions of flight {unknown}

Dungeon Overview and Level Annotations

Branches:
Dungeon (6/15)             Temple (1/1) D:6

Altars:
Dithmenos
Elyvilon
Fedhas
Gozag
Kikubaaqudgha
Makhleb
Nemelex Xobeh
Okawaru
Qazlal
Trog
Uskayaw
Vehumet
Wu Jian
Xom
Yredelemnul
Zin
The Shining One

Shops:
D:1 ! D:5

* ####
#........#.....
#...###........#.....
#..............#.....
#....................
#..?.###.####.#......
#....#.#.# #.#...>..
#..)z#.#.####.#......
#S#......#.#.##.#.
#@#....#.#.#>.....
#z.......#.#######
#........#.......#
########.#.#.###.###
#............
#............
#............
#............
#............


You could see 2 wights and an adder (slow).


Message History

No target in view!
No target in view!
No target in view!
No target in view!
No target in view!
No target in view!
No target in view!
No target in view!
No target in view!
No target in view!
No target in view!
No target in view!
Found an escape hatch in the floor.
Found a stone staircase leading down.
No target in view!
You now have 362 gold pieces (gained 18).
An adder and 2 wights come into view.
A wight is wielding a +2 halberd of freezing.
The adder hisses angrily.
A wight comes into view.
It is wielding a +1 battleaxe and wearing a +2 robe of cold resistance.
The wight hits you with a +0 flail.
You feel drained. The wight barely misses you.
HP[-7]
You now have 77 max hp (-1).
You take 7 damage, and now have 71/77 hp.
You thump the wight! You freeze the wight. The wight hits you with a +0 flail.
A wight comes into view. It is wielding a +0 spear.
HP[-2]
You take 2 damage, and now have 69/77 hp.
You bludgeon the wight!!
You destroy the wight!
The wight barely misses you.
Your life force feels restored.
You now have 78 max hp (+1).
You sock the wight! The adder bites you but does no damage.
The wight hits you with a +1 battleaxe.
You feel drained.
The wight hits you from afar with a +2 halberd of freezing!
You feel drained. The wight freezes you.
The wight hits you from afar with a +0 spear.
You feel drained. The adder bites you but does no damage.
HP[-21]
You now have 73 max hp (-5).
You take 21 damage, and now have 48/73 hp.
MASSIVE DAMAGE!! (PAUSE)
You are too injured to fight recklessly!
You are too injured to fight recklessly!
You are too injured to fight recklessly!
You are too injured to fight recklessly!
You are too injured to fight recklessly!
You are too injured to fight recklessly!
You are too injured to fight recklessly!
You are too injured to fight recklessly!
You are too injured to fight recklessly!
You are too injured to fight recklessly!
You are too injured to fight recklessly!
You are too injured to fight recklessly!
You are too injured to fight recklessly!
You are too injured to fight recklessly!
You are too injured to fight recklessly!
You are too injured to fight recklessly!
You are too injured to fight recklessly!
You are too injured to fight recklessly!
You are too injured to fight recklessly!
You closely miss the wight. The wight hits you with a +1 battleaxe.
The wight barely misses you.
The wight hits you from afar with a +2 halberd of freezing!
* * * LOW HITPOINT WARNING * * *
You feel drained.
* * * LOW HITPOINT WARNING * * *
The wight freezes you.
* * * LOW HITPOINT WARNING * * *
The adder bites you but does no damage.
HP[-20]
You now have 71 max hp (-2).
You take 20 damage, and now have 28/71 hp.
MASSIVE DAMAGE!! (PAUSE)
You sock the wight!
You destroy the wight!
The wight hits you from afar with a +2 halberd of freezing!
* * * LOW HITPOINT WARNING * * *
The wight freezes you.
* * * LOW HITPOINT WARNING * * *
The wight barely misses you. The adder barely misses you.
HP[-17]
You now have 72 max hp (+1).
You take 17 damage, and now have 11/72 hp.
MASSIVE DAMAGE!! (PAUSE)
The adder attacks as you move away! The adder bites you.
* * * LOW HITPOINT WARNING * * *
The wight hits you with a +0 spear.
* * * LOW HITPOINT WARNING * * *
You feel drained.
* * * LOW HITPOINT WARNING * * *
The adder bites you but does no damage.
HP[-8]
You now have 71 max hp (-1).
You take 8 damage, and now have 3/71 hp.
You thump the adder!
The adder seems to slow down.
You freeze the adder. The wight misses you. The wight hits you with a +0 spear.
You die...

Skill      XL: |  1  2  3  4  5  6  7  8  9 |
---------------+----------------------------+-----
Polearms       | 3 4 7 8 9 10 | 10.5
Fighting       | 5 9 10 | 10.0
Staves         | 2 |  2.6
Armour         | |  2.1
Shields        | |  3.0

Action                   |  1- 3 |  4- 6 |  7- 9 || total
-------------------------+-------+-------+-------++-------
Melee: Trident           |   112 |   136 |    28 ||   276
       Quarterstaff      |       |       |    81 ||    81
Evoke: Wand              |       |       |     1 ||     1
 Stab: Paralysed         |       |       |     3 ||     3
Armor: Scale mail        |    39 |    27 |    38 ||   104
Dodge: Dodged            |    32 |    42 |    51 ||   125
Block: Buckler           |    16 |    17 |     2 ||    35

Levels and vault maps discovered:
D:1:      dpeg_arrival_long_road, layout_loops_ring, serial_shops, shop,
          minmay_misc_feat_secret_circle, st_stairs_1
D:2:      layout_basic, hellmonk_ecumenical_altar_leap_of_faith,
          minmay_strange_pillars, uniq_sigmund
D:3:      layout_loops_corners, mainiacjoe_overflow_alcove_4, tgw_kikubaaqudgha
D:4:      layout_cave_pods, corexii_hall_statues_i, serial_park_tiny_pond
D:5:      layout_cave_pools, minmay_shop_damaged, minmay_misc_feat_ornament,
          serial_bayou_lagoon_a
D:6:      layout_basic, minmay_temple_entry_hall, uniq_maggie, uniq_duvessa
Temple:   regret_index_temple_waves

Notes
Turn   | Place    | Note
-------+----------+-------------------------------------------
     0 | D:1      | zeratav the Merfolk Fighter began the quest for the Orb.
     0 | D:1      | Reached XP level 1. HP: 18/18 MP: 1/1
     0 | D:1      | magus.rc [v1.9.6]
     0 | D:1      | Found Suschuac's Distillery.
    39 | D:1      | Reached skill level 3 in Polearms
   156 | D:1      | Reached XP level 2. HP: 18/24 MP: 2/2
   269 | D:1      | You pick up a book of Scorching and begin reading...
   269 | D:1      | You add the spells Scorch, Flame Wave and Summon Cactus
                  | Giant to your library.
   354 | D:1      | Reached skill level 4 in Polearms
   459 | D:1      | Reached XP level 3. HP: 24/29 MP: 3/3
   508 | D:1      | You pick up a book of Winter and begin reading...
   508 | D:1      | You add the spells Ozocubu's Armour, Metabolic Englaciation
                  | and Simulacrum to your library.
   525 | D:1      | You add the spells Gell's Gravitas, Teleport Other and
                  | Dispersal to your library.
   985 | D:2      | Reached skill level 5 in Polearms
  1207 | D:2      | Noticed Sigmund
  1215 | D:2      | HP: 2/29 [something (9)]
  1216 | D:2      | Killed Sigmund
  1217 | D:2      | Reached skill level 7 in Polearms
  1217 | D:2      | Reached XP level 4. HP: 3/35 MP: 4/4
  1217 | D:2      | Reached XP level 5. HP: 3/41 MP: 5/5
  1524 | D:2      | Reached skill level 8 in Polearms
  1524 | D:2      | Reached XP level 6. HP: 44/47 MP: 6/6
  1970 | D:2      | Found a faded altar of an unknown god.
  2392 | D:3      | Found an ancient bone altar of Kikubaaqudgha.
  2410 | D:3      | Noticed a human
  2411 | D:3      | Killed a human
  2420 | D:3      | You pick up a book of Armaments and begin reading...
  2420 | D:3      | You add the spells Stone Arrow, Animate Armour and
                  | Lehudib's Crystal Spear to your library.
  2877 | D:3      | Found a shadowy altar of Dithmenos.
  3122 | D:4      | Reached skill level 9 in Polearms
  3123 | D:4      | You pick up a book of Weapons and begin reading...
  3123 | D:4      | You add the spells Tukima's Dance, Portal Projectile and
                  | Blade Hands to your library.
  3159 | D:4      | Reached XP level 7. HP: 35/52 MP: 7/7
  3394 | D:4      | Reached skill level 10 in Polearms
  3588 | D:4      | Identified the +11 quarterstaff of Honesty {freeze, rCorr
                  | MP+9 Int+4}
  3951 | D:5      | Entered Level 5 of the Dungeon
  3964 | D:5      | Reached skill level 4 in Fighting
  3967 | D:5      | HP: 13/54 [iguana (6)]
  4373 | D:4      | Reached skill level 5 in Fighting
  4661 | D:5      | Reached XP level 8. HP: 52/64 MP: 8/8
  4666 | D:5      | Reached skill level 6 in Fighting
  4666 | D:5      | Found Yngug's Lightly-Used Armoury.
  4997 | D:5      | Reached skill level 7 in Fighting
  5623 | D:6      | Reached skill level 8 in Fighting
  5807 | D:6      | Noticed Duvessa
  5807 | D:6      | Noticed Dowan
  5812 | D:6      | Killed Duvessa
  5818 | D:6      | Killed Dowan
  5819 | D:6      | Reached skill level 9 in Fighting
  5966 | D:6      | Noticed Maggie
  5967 | D:6      | Noticed a wyvern
  5972 | D:6      | Killed Maggie
  5973 | D:6      | Reached XP level 9. HP: 32/78 MP: 9/9
  5977 | D:6      | Reached skill level 10 in Fighting
  5977 | D:6      | Reached skill level 1 in Staves
  6186 | D:6      | Found a staircase to the Ecumenical Temple.
  6192 | Temple   | Entered the Ecumenical Temple
  6431 | D:6      | You pick up a book of Blood and begin reading...
  6431 | D:6      | You add the spells Sublimation of Blood, Wereblood and
                  | Summon Hydra to your library.
  6483 | D:6      | Reached skill level 2 in Staves
  6574 | D:6      | HP: 16/71 [wight/+2 halberd of freezing (12)]
  6575 | D:6      | HP: 4/72 [wight/+0 spear (4)]
  6576 | D:6      | Slain by a wight

Vanquished Creatures
  Maggie (D:6)
  Sigmund (D:2)
  A wyvern (D:6)
  An acid dragon (D:5)
  Duvessa (D:6)
  An ice beast (D:6)
  2 black bears (D:5)
  3 ogres (D:4)
  3 phantoms
  A scorpion (D:4)
  2 wights (D:6)
  Dowan (D:6)
  A howler monkey (D:5)
  A jelly (D:5)
  An orc priest (D:5)
  5 iguanas
  An orc wizard (D:6)
  4 gnolls
  6 adders
  A white imp (D:5)
  2 ufetubi
  2 worms
  A dart slug (D:1)
  9 orcs
  6 endoplasms
  A giant cockroach (D:1)
  8 goblins
  11 hobgoblins
  4 kobolds (D:1)
  5 quokkas
  2 ball pythons
  9 bats
  2 frilled lizards
  6 rats
106 creatures vanquished.

Vanquished Creatures (others)
  A human (D:3)
  4 plants (D:5)
5 creatures vanquished.

Grand Total: 111 creatures vanquished

Table legend:
 A = Non-vault XP
 B = Vault XP
 C = Vault XP percentage of total XP
 D = Non-vault monster count
 E = Vault monster count
 F = Vault count percentage of total count
                 A         B        C        D         E       F
            +---------+---------+-------+---------+---------+-------
      Total |    2291 |     824 |  26.5 |      99 |       7 |   6.6
            +---------+---------+-------+---------+---------+-------
        D:1 |      44 |       5 |  10.2 |      18 |       3 |  14.3
        D:2 |     105 |     231 |  68.8 |      23 |       1 |   4.2
        D:3 |      39 |       0 |   0.0 |      14 |       0 |   0.0
        D:4 |     645 |       0 |   0.0 |      16 |       0 |   0.0
        D:5 |     702 |       0 |   0.0 |      12 |       0 |   0.0
        D:6 |     756 |     588 |  43.8 |      16 |       3 |  15.8
            +---------+---------+-------+---------+---------+-------

Illustrated notes

Table legend:
 A = Kills in this place as a percentage of kills in entire the game.
 B = Kills by you in this place as a percentage of kills by you in the entire game.
 C = Kills by friends in this place as a percentage of kills by friends in the entire game.
 D = Other kills in this place as a percentage of other kills in the entire game.
 E = Experience gained in this place as a percentage of experience gained in the entire game.
 F = Experience gained in this place divided by the number of levels of this place that you have seen.
                   A       B       C       D       E      F
               +-------+-------+-------+-------+-------+----------------------
         Total | 100.0 | 100.0 |   N/A |   N/A | 100.0 | 445.0
       Dungeon | 100.0 | 100.0 |   N/A |   N/A | 100.0 | 519.2
               +-------+-------+-------+-------+-------+----------------------

Table legend: (Time is in decaauts)
 A = Elapsed time spent in this place.
 B = Non-inter-level travel time spent in this place.
 C = Inter-level travel time spent in this place.
 D = Time resting spent in this place.
 E = Time spent auto-exploring this place.
 F = Levels seen in this place.
 G = Mean time per level.
                   A        B        C        D        E       F      G
               +--------+--------+--------+--------+--------+-----+--------+
         Total |   6575 |   6389 |    186 |   1003 |   4606 |   7 |  939.3 |
       Dungeon |   6398 |   6269 |    129 |   1003 |   4498 |   6 | 1066.3 |
        Temple |    176 |    119 |     57 |      0 |    108 |   1 |  176.0 |
               +--------+--------+--------+--------+--------+-----+--------+

Top non-repeatable levels by time:
     D:4: 1559 daAuts
     D:2: 1138 daAuts
     D:3: 996 daAuts
     D:5: 943 daAuts
     D:1: 920 daAuts
     D:6: 839 daAuts
  Temple: 176 daAuts
